AoeStats
← alexriquelme602

Nomad

509993946Analyzed
2v2 RM · 5d ago on Sep 29, 2026· 28m 39s· 4 players
Game mode
Random Map
Map size
176×176
Population
200
Speed
Normal
Resources
Standard
Victory
Conquest
Starting age
Dark Age
Ending age
Imperial Age
RankedLock teamsTeams togetherTeam positionsShared explorationLock speedFull tech treeHidden civsTurbo modeCheats
Victory
Defeat
🇧🇷 Poles · Brazil
531
+14
🇧🇷 Japanese · Brazil
531
+15
🇨🇱 Turks · Chile
519
-15
🇨🇱 Muisca · Chile
489
-14
alexriquelme602
3:04 Loom
17:35 Feudal Age
18:08 Horse Collar
18:16 Double-Bit Axe
18:02 Champi Runner
22:43 Scale Mail Armor
22:54 Forging
JJCC
15:39 Feudal Age
22:33 Man-at-Arms
24:49 Wheelbarrow
26:18 Castle Age
Nourext
4:16 Loom
15:41 Feudal Age
16:57 Wheelbarrow
16:06 Horse Collar
16:15 Double-Bit Axe
17:52 Town Watch
18:52 Gold Mining
19:53 Bloodlines
22:12 Fletching
23:23 Arson
25:47 Castle Age
25:35 Bloodlines
26:55 Bodkin Arrow
28:45 Heavy Plow
thiago.16
3:34 Loom
16:36 Feudal Age
17:04 Horse Collar
19:28 Gold Mining
19:30 Stone Mining
19:06 Man-at-Arms
22:56 Double-Bit Axe
24:16 Bloodlines
25:35 Wheelbarrow
25:29 Scale Barding Armor
30:56 Castle Age
28:42 Town Watch
Connection lost

Rejoining the realm…

Still unreachable

The connection could not be restored.

Session expired

The server has moved on; the page needs a fresh start.